 Dungeon Crawl Stone Soup version 0.30.0-18-gc0e69614cb (webtiles) character file.

Game seed: 14153951807167715030

5 Josd the Chiller (level 1, -1/14 HPs)
             Began as a Ghoul Ice Elementalist on May 24, 2023.
             Slain by a ball python (2 damage)
             ... on level 2 of the Dungeon.
             The game lasted 00:05:11 (5109 turns).

Josd the Chiller (Ghoul Ice Elementalist)           Turns: 5109, Time: 00:05:11

Health: -1/14      AC:  2    Str: 11    XL:     1   Next: 80%
Magic:  2/2        EV:  9    Int: 10    God:
Gold:   9          SH:  0    Dex:  9    Spells: 2/3 levels left

rFire   . . .        (no weapon)
rCold   + . .        (no shield)
rNeg    + + +        a - +0 robe
rPois   ∞            (no helmet)
rElec   .            (no cloak)
rCorr   .            (no gloves)
SInv    .            (no boots)
Will    .....        (no amulet)
Stlth   ++           (no ring)
HPRegen 0.00/turn    (no ring)
MPRegen 0.08/turn

%: no passive effects
@: inhibited regen, constricted
A: claws 1, cold resistance 1, negative energy resistance 3, inhibited
regeneration, torment resistance 2, devour on kill
a: no special abilities


You were on level 2 of the Dungeon.
You visited 1 branch of the dungeon, and saw 2 of its levels.

You collected 9 gold pieces.

Inventory:

Hand Weapons
 c - a +0 spear
 d - a +0 mace
Armour
 a - a +0 robe (worn)
Scrolls
 e - a scroll of immolation {unknown}
Potions
 b - a potion of magic


   Skills:
 + Level 1.8 Dodging
 + Level 2.4 Stealth
 + Level 1.8 Spellcasting
 + Level 4.5 Ice Magic


You had 2 spell levels left.
You knew the following spells:

 Your Spells              Type           Power      Damage    Failure   Level
a - Freeze                Ice            40%        1d6       4%          1

Your spell library contained the following spells:

 Spells                   Type           Power      Damage    Failure   Level
 Frozen Ramparts          Ice            20%        1d4       14%         3
 Ozocubu's Armour         Ice            10%        N/A       14%         3
 Summon Ice Beast         Ice/Summ       5%         N/A       77%         4


Dungeon Overview and Level Annotations

Branches:
Dungeon (2/15)

Altars:


Innate Abilities, Weirdness & Mutations

You are immune to poison.
You have sharp fingernails.
Your flesh is cold resistant. (rC+)
You are immune to negative energy. (rN+++)
You do not regenerate when monsters are visible.
You are immune to unholy pain and torment.
You thrive by killing the living.


Message History

Found 3 stones.
You see here 9 gold pieces.
The kobold shouts!
You now have 9 gold pieces.
A ball python comes into view.
The ball python moves out of view.
You closely miss the kobold. The kobold barely misses you.
You closely miss the kobold. The ball python bites you.
The ball python grabs you. The ball python constricts you.
The kobold barely misses you.
You closely miss the ball python. The ball python bites you.
The ball python constricts you. The kobold hits you but does no damage.
You are too injured to fight recklessly!
You are too injured to fight recklessly!
You escape the ball python's grasp.
The ball python attacks as you move away!
The ball python bites you.
There is a stone staircase leading down here.
The ball python bites you but does no damage.
The ball python barely misses you. The kobold hits you with a +0 whip.
* * * LOW HITPOINT WARNING * * *
You climb downwards.
As you enter the new level, Zot loses track of you.
Found a scroll labelled OXZUBYA XINOJ.
Found a stone staircase leading up.
There is a stone staircase leading up here.
You barely miss the ball python. Your claw misses the ball python.
The ball python misses you. The ball python barely misses you.
The kobold hits you but does no damage.
You scratch the ball python.
The ball python is severely wounded.
The ball python closely misses you. The ball python grabs you.
The ball python constricts you.
* * * LOW HITPOINT WARNING * * *
The kobold hits you but does no damage.
You closely miss the ball python.
The ball python is severely wounded.
The ball python closely misses you. The ball python constricts you.
* * * LOW HITPOINT WARNING * * *
The ball python bites you.
You die...

###
<.#
#.#
#K#
#@#
#...S#
#....#
#....#
#....#
#....#
#....#
......


You could see a ball python and a kobold.

Vanquished Creatures
  A bat (D:1)
  An endoplasm (D:1)
  A giant cockroach (D:1)
  A goblin (D:1)
4 creatures vanquished.

Notes
Turn   | Place    | Note
-------+----------+-------------------------------------------
     0 | D:1      | Josd the Ghoul Ice Elementalist began the quest for the
                  | Orb.
     0 | D:1      | Reached XP level 1. HP: 14/14 MP: 2/2
  5000 | D:1      | Glimpsed the power of Zot.
  5040 | D:1      | Found a faded altar of an unknown god.
  5109 | D:2      | Slain by a ball python

Illustrated notes

Levels and vault maps discovered:
D:1:      dpeg_arrival_prison, layout_loops_cross,
          hellmonk_ecumenical_altar_run_dry
D:2:      layout_basic, hangedman_abyss_or_decor_lesser_grid, fountainhead

Action                     || total
---------------------------++-------
  Melee: Unarmed           ||    21
         Punch             ||     1
   Cast: Freeze            ||     3
 Armour: Robe              ||    17
  Dodge: Dodged            ||    38
